 Dungeon Crawl Stone Soup version 0.32-a0-484-g2eb335deba (webtiles) character file.

Game seed: 783190232180352360

22 mopl the Sneak (level 2, 0/20 HPs)
             Began as a Draconian Enchanter on Feb 26, 2024.
             Slain by an adder (3 damage)
             ... on level 2 of the Dungeon.
             The game lasted 00:01:06 (934 turns).

mopl the Sneak (Draconian Enchanter)                 Turns: 934, Time: 00:01:06

Health: 0/20       AC:  4    Str: 10    XL:     2   Next: 68%
Magic:  5/5        EV: 12    Int: 15    God:
Gold:   49         SH:  0    Dex: 11    Spells: 3/5 levels left

rFire   . . .        a - +0 dagger (venom)
rCold   . . .        (no shield)
rNeg    . . .        (body armour unavailable)
rPois   .            (helmet restricted)
rElec   .            i - scarf {harm}
rCorr   .            (no gloves)
SInv    .            (no boots)
Will    .....        (no amulet)
Stlth   ++           (no ring)
HPRegen 0.23/turn    (no ring)
MPRegen 0.09/turn

%: harm (+30% outgoing, +20% incoming)
@: lethally poisoned (0 -> 0)
A: AC +4, unfitting armour, cold-blooded
a: no special abilities


You were on level 2 of the Dungeon.
You visited 1 branch of the dungeon, and saw 2 of its levels.

You collected 49 gold pieces.

Inventory:

Hand Weapons
 a - a +0 dagger of venom (weapon)
 h - a +1 dagger
Missiles
 f - 5 poisoned darts (quivered)
Armour
 i - a scarf of harm (worn)
Scrolls
 c - a scroll of noise {unknown}
 e - 3 scrolls of identify {unknown}
 g - a scroll of butterflies {unknown}
Potions
 b - 2 potions of invisibility
 d - a potion of heal wounds {unknown}


   Skills:
 + Level 1.3 Short Blades
 - Level 1.7 Dodging
 * Level 3.0 Stealth
 * Level 2.3 Spellcasting
 * Level 3.0 Hexes


You had 3 spell levels left.
You knew the following spells:

 Your Spells              Type           Power      Damage    Failure   Level
b - Ensorcelled Hibernat  Hex/Ice        12%        N/A       17%         2

Your spell library contained the following spells:

 Spells                   Type           Power      Damage    Failure   Level
 Confusing Touch          Hex            10%        N/A       19%         3
 Tukima's Dance           Hex            10%        N/A       19%         3
 Dazzling Flash           Conj/Hex       12%        N/A       34%         3
 Fugue of the Fallen      Necr           1%         N/A       54%         3
 Ozocubu's Armour         Ice            1%         N/A       54%         3
 Manifold Assault         Tloc           1%         N/A       91%         4


Dungeon Overview and Level Annotations

Branches:
Dungeon (2/15)

Altars:


Innate Abilities, Weirdness & Mutations

Your plain brown scales are hard. (AC +4)
You cannot fit into any form of body armour.
You are cold-blooded and may be slowed by cold attacks.


Message History

You see here a +0 club.
There is a stone staircase leading down here.
You climb downwards.
Found a stone staircase leading up and a stone staircase leading down.
There is a stone staircase leading up here.
An adder comes into view.
An adder is nearby!
Found a stone staircase leading down.
A kobold and a ball python come into view.
The ball python hisses angrily.
The ball python moves out of view.
A goblin comes into view. It is wielding a +0 club.
Found a stone staircase leading up.
The goblin shouts!
The kobold shouts!
The adder hisses angrily.
You hit the ball python.
You kill the ball python!
You hear a shout!
A ball python comes into view.
Your Hexes skill increases to level 3!
The ball python hisses angrily.
The adder bites you.
You are poisoned.
The adder poisons you!
You barely miss the adder.
You feel sick. The adder bites you. The adder misses you.
You barely miss the adder.
You feel sick. The goblin hits you but does no damage.
A kobold comes into view. It is wielding a +0 dagger of speed.
The adder barely misses you.
Unknown command.
You feel sick. The kobold attacks as it pursues you!
The kobold hits you with a +0 whip.
You feel sick. The goblin attacks as it pursues you!
The goblin hits you with a +0 club.
* * * LOW HITPOINT WARNING * * *
You feel sick. The goblin attacks as it pursues you!
The goblin barely misses you. The adder bites you but does no damage.
You feel sick. The adder bites you.
You die...

...............<.#
.ß.....ß.........#
....K............#
....>............#
..........########
..........#
.........K##
.ß.....ß.Sg#
.........S@#
###.#..##.<.......
.........###.####
##.####### .. #.
##


You could see an adder, a goblin, a ball python and 2 kobolds.

Vanquished Creatures
  A dart slug (D:1)
  A ball python (D:2)
  A bat (D:1)
  6 goblins (D:1)
  A hobgoblin (D:1)
  A quokka (D:1)
  2 frilled lizards (D:1)
  A kobold (D:1)
  5 rats (D:1)
19 creatures vanquished.

Notes
Turn   | Place    | Note
-------+----------+-------------------------------------------
     0 | D:1      | mopl the Draconian Enchanter began the quest for the Orb.
     0 | D:1      | Reached XP level 1. HP: 14/14 MP: 3/3
   271 | D:1      | Reached XP level 2. HP: 19/20 MP: 5/5
   274 | D:1      | Learned a level 2 spell: Ensorcelled Hibernation
   674 | D:1      | Found a faded altar of an unknown god.
   718 | D:1      | Reached skill level 3 in Stealth
   927 | D:2      | Reached skill level 3 in Hexes
   934 | D:2      | Slain by an adder

Illustrated notes

Levels and vault maps discovered:
D:1:      scummos_arrival_gate, layout_basic, shapermc_ecumenical_altar_ellora,
          minmay_misc_feat_pillars
D:2:      layout_loops_cross, basic_altar, st_stairs_1, roderic_roman_lattice

Skill      XL: |  1  2 |
---------------+-------+-----
Stealth        | 3 |  3.0
Hexes          | 3 |  3.0
Short Blades   | |  1.3
Dodging        | |  1.7
Spellcasting   | |  2.3

Action                     || total
---------------------------++-------
  Melee: Dagger            ||    62
         Tailslap          ||     5
 Armour: Skin              ||    23
  Dodge: Dodged            ||    40

Table legend: (Time is in decaauts)
 A = Elapsed time spent in this place.
 B = Non-inter-level travel time spent in this place.
 C = Inter-level travel time spent in this place.
 D = Time resting spent in this place.
 E = Time spent auto-exploring this place.
 F = Levels seen in this place.
 G = Mean time per level.
                   A        B        C        D        E       F      G
               +--------+--------+--------+--------+--------+-----+--------+
         Total |    929 |    877 |     52 |      0 |    720 |   2 |  464.5 |
       Dungeon |    929 |    877 |     52 |      0 |    720 |   2 |  464.5 |
               +--------+--------+--------+--------+--------+-----+--------+

Top non-repeatable levels by time:
     D:1: 913 daAuts
     D:2: 15 daAuts
